 Dungeon Crawl Stone Soup version 0.20.1-1-g8b1a95d (webtiles) character file.

297523 kae the Impaler (level 20, -60/133 HPs)
             Began as a Gargoyle Fighter on Sept 17, 2017.
             Was the Champion of Makhleb.
             Killed from afar by a deep elf annihilator (77 damage)
             ... with a crystal spear
             ... on level 3 of the Elven Halls.
             The game lasted 01:03:52 (35965 turns).

kae the Impaler (Gargoyle Fighter)                 Turns: 35965, Time: 01:03:53

Health: -60/133    AC: 56    Str: 42    XL:     20   Next: 94%
Magic:  0/32       EV: 14    Int:  8    God:    Makhleb [******]
Gold:   3477       SH:  4    Dex:  8    Spells: 19/19 levels left

rFire    + . .     SeeInvis +   S - +7 glaive of Darkness {vamp, MR+ Str+4 Dex-4 SInv}
rCold    + + +     Gourm    .   (shield currently unavailable)
rNeg     + + +     Faith    .   b - +15 Maxwell's patent armour {-Cast -Tele rElec MR+ rCorr}
rPois    ∞         Spirit   +   Q - +2 helmet "Dewauh" {+Blink rC+}
rElec    +         Reflect  +   O - scarf {Spirit}
rCorr    +         Harm     .   W - +2 pair of gloves {Str+3}
MR       +++..     NoTele   +   P - +0 pair of boots Stlth ..........NoCast +
                                Y - +4 amulet of reflection
Regen    0.4/turn               l - ring of Ovvyrem {rC+ Str+5 Slay+2}
MPRegen  0.3/turn               d - ring of the Median {rN++ Dex+3 Stlth+}

@: resistant, flying, invisible
A: big wings, negative energy resistance 1, electricity resistance, unbreathing,
petrification resistance, rot immunity, AC +15
}: 2/15 runes: serpentine, barnacled
a: Stop Flying, Minor Destruction, Lesser Servant of Makhleb, Major Destruction,
Greater Servant of Makhleb, Renounce Religion, Evoke Blink


You were on level 3 of the Elven Halls.
You worshipped Makhleb.
Makhleb was exalted by your worship.
You were not hungry.

You visited 7 branches of the dungeon, and saw 35 of its levels.
You visited 1 bazaar.
You also visited: Labyrinth and Volcano.

You collected 4003 gold pieces.
You spent 526 gold pieces at shops.

Inventory:

Hand Weapons
 M - the +9 spear "Zoduki Biroa" {pierce, rPois MR+ Str+5 Stlth+}
   (You found it in a labyrinth)

   It inflicts extra damage upon your enemies.
   It affects your strength (+5).
   It protects you from poison.
   It affects your resistance to hostile enchantments.
   It makes you more stealthy.
 S - the +7 glaive of Darkness (weapon) {vamp, MR+ Str+4 Dex-4 SInv}
   (You found it on level 6 of the Lair of Beasts)

   It inflicts no extra harm, but heals its wielder when it wounds a living foe.
   It affects your strength (+4).
   It affects your dexterity (-4).
   It affects your resistance to hostile enchantments.
   It lets you see invisible.
 V - the +6 halberd "Ustiru" {freeze, *Corrode Str+5 Int+4}
   (You found it on level 6 of the Lair of Beasts)

   It has been specially enchanted to freeze those struck by it, causing extra
   injury to most foes and up to half again as much damage against particularly
   susceptible opponents.
   It can also slow down cold-blooded creatures.
   It affects your strength (+5).
   It affects your intelligence (+4).
   It may corrode you when you take damage.
Armour
 b - the +15 Maxwell's patent armour (worn) {-Cast -Tele rElec MR+ rCorr}
   (You took it off a salamander on level 3 of the Snake Pit)

   It insulates you from electricity.
   It affects your resistance to hostile enchantments.
   It prevents spellcasting.
   It prevents most forms of teleportation.
   It protects you from acid and corrosion.
 y - the +1 shield of a Billion Scars {rF++ rC- Int+5}
   (You acquired it on level 1 of the Snake Pit)

   It affects your intelligence (+5).
   It greatly protects you from fire.
   It makes you vulnerable to cold.
 O - a scarf of spirit shield (worn)
 P - a +0 pair of boots (worn)
 Q - the +2 helmet "Dewauh" (worn) {+Blink rC+}
   (You found it in a labyrinth)

   It protects you from cold.
   It lets you blink.
 W - a +2 pair of gloves of strength (worn)
Jewellery
 d - the ring of the Median (right hand) {rN++ Dex+3 Stlth+}
   (You found it on level 9 of the Dungeon)

   [ring of dexterity]

   It affects your dexterity (+3).
   It greatly protects you from negative energy.
   It makes you more stealthy.
 l - the ring of Ovvyrem (left hand) {rC+ Str+5 Slay+2}
   (You acquired it on level 1 of the Elven Halls)

   [ring of slaying]

   It affects your strength (+5).
   It affects your accuracy and damage with ranged weapons and melee attacks
   (+2).
   It protects you from cold.
 v - an uncursed amulet of faith {unknown}
 x - the ring "Put-Me-On" {rPois rF+ Str+4}
   (You found it on level 4 of the Shoals)

   [ring of protection from fire]

   It affects your strength (+4).
   It protects you from fire.
   It protects you from poison.
 A - the ring "Ysorykk" {rElec MR+}
   (You found it in a labyrinth)

   [ring of protection from magic]

   It insulates you from electricity.
   It affects your resistance to hostile enchantments.
 G - the ring of Jewyth {rC+ rN+ SInv}
   (You found it in a labyrinth)

   [ring of protection from cold]

   It protects you from cold.
   It protects you from negative energy.
   It lets you see invisible.
 Y - a +4 amulet of reflection (around neck)
Scrolls
 e - 7 scrolls of identify
 h - 2 scrolls of recharging
 n - 6 scrolls of amnesia
 r - 12 scrolls of remove curse
 s - 4 scrolls of summoning
 t - 8 scrolls of enchant armour
 u - 14 scrolls of teleportation
 B - 4 scrolls of magic mapping
 D - 4 scrolls of fog
 F - 3 scrolls of blinking
 H - 9 scrolls of enchant weapon
 I - a scroll of brand weapon
Potions
 c - 2 potions of brilliance
 j - 3 potions of invisibility
 k - 3 potions of ambrosia
 p - 4 potions of cancellation
 z - 2 potions of berserk rage
 C - 2 potions of agility
 E - a potion of might
 N - 7 potions of curing
 U - 3 potions of resistance
 Z - 4 potions of magic
Books
 q - a book of the Sky

   Spells                             Type                      Level
   a - Summon Lightning Spire         Summoning/Air                4
   b - Silence                        Hexes/Air                    5
   c - Deflect Missiles               Charms/Air                   6
   d - Conjure Ball Lightning         Conjuration/Air              6
   e - Tornado                        Air                          9
 w - a book of Beasts

   Spells                             Type                      Level
   a - Summon Butterflies             Summoning                    1
   b - Call Canine Familiar           Summoning                    3
   c - Summon Ice Beast               Ice/Summoning                4
   d - Summon Mana Viper              Hexes/Summoning              5
   e - Summon Hydra                   Summoning                    7
 J - the Volume of the Eight Boll Weevils
   (You found it on level 1 of the Elven Halls)

   Spells                             Type                      Level
   a - Magic Dart                     Conjuration                  1
   b - Call Imp                       Summoning                    2
   c - Stone Arrow                    Conjuration/Earth            3
   d - Force Lance                    Conjuration/Translocation    4
   e - Iskenderun's Battlesphere      Conjuration/Charms           5
 K - a Necronomicon

   Spells                             Type                      Level
   a - Haunt                          Necromancy/Summoning         7
   b - Borgnjor's Revivification      Necromancy                   8
   c - Death's Door                   Charms/Necromancy            8
   d - Infestation                    Necromancy                   8
   e - Necromutation                  Transmutation/Necromancy     8
 T - a book of Fire

   Spells                             Type                      Level
   a - Ignite Poison                  Fire/Transmutation/Poison    3
   b - Fireball                       Conjuration/Fire             5
   c - Bolt of Fire                   Conjuration/Fire             6
   d - Ring of Flames                 Charms/Fire                  7
   e - Ignition                       Fire                         8
 X - a book of Callings

   Spells                             Type                      Level
   a - Summon Small Mammal            Summoning                    1
   b - Call Imp                       Summoning                    2
   c - Call Canine Familiar           Summoning                    3
   d - Summon Guardian Golem          Hexes/Summoning              3
   e - Summon Lightning Spire         Summoning/Air                4
   f - Summon Ice Beast               Ice/Summoning                4
Comestibles
 f - 13 bread rations
 g - 13 royal jellies
 i - 59 fruits
 o - 5 meat rations


   Skills:
 + Level 16.8 Fighting
 * Level 19.4 Polearms
 + Level 16.8 Armour
 + Level 11.4 Dodging
 - Level 3.2 Shields
 + Level 16.3 Invocations


You had 19 spell levels left.
You didn't know any spells.

Dungeon Overview and Level Annotations

Branches:
Dungeon (15/15)            Temple (1/1) D:5            Lair (6/6) D:11
 Shoals (4/4) Lair:3        Snake (4/4) Lair:2        Slime (0/5) Lair:5
    Orc (2/2) D:9             Elf (3/3) Orc:2        Vaults (0/5) D:13
 Depths (0/5) D:15

Altars:
Ashenzari
Cheibriados
Dithmenos
Elyvilon
Fedhas
Gozag
Hepliaklqana
Kikubaaqudgha
Makhleb
Nemelex Xobeh
Okawaru
Qazlal
Ru
Sif Muna
Trog
Uskayaw
Vehumet
Xom
Yredelemnul
Zin
The Shining One
Beogh

Shops:
D:7 ?   Orc:1 =   Orc:2 !*%(}   Elf:2 :(=*[   Shoals:3 (:}}

Annotations:
Lair:3 exclusion: oklob plant
Shoals:1 1 runed door


Innate Abilities, Weirdness & Mutations

You are resistant to torment.
Your stone body is resilient. (AC +15)
You are immune to poison.
Your large and strong wings let you fly indefinitely.
You resist negative energy. (rN+)
You are resistant to electric shocks. (rElec)
You can survive without breathing.
You are immune to petrification.
You are immune to rotting.


Message History

Your cacodemon hits the deep elf archer!
The deep elf sorcerer mumbles some strange words.
The deep elf sorcerer shimmers violently.
The deep elf sorcerer points at you and mumbles some strange words.
The bolt of acid hits you!
You are splashed with acid!
The acid burns!
You resist.
* * * LOW HITPOINT WARNING * * *
The deep elf high priest invokes the aid of its god against you.
Something smites you!
* * * LOW HITPOINT WARNING * * *
The deep elf archer blinks!
The deep elf annihilator gestures at you while chanting.
The crystal spear misses you.
You fade into invisibility!
The deep elf sorcerer misses you.
The deep elf high priest barely misses your cacodemon.
The deep elf annihilator gestures at you while chanting.
The crystal spear hits you!
Ouch! That really hurt!
You die...

#§ ..# #§§
e..#
#...#####e.e.#
#...)e)eeee.e
#e# #2## #(x#
##e#### #e@#<#
######


You could see a deep elf annihilator, a deep elf sorcerer, a deep elf archer, a
deep elf high priest, a crawling corpse and a friendly cacodemon.

Vanquished Creatures
  Bai Suzhen (Snake:4)
  Jorgrun (Snake:4)
  Asterion (Elf:2)
  2 deep elf blademasters (Elf:3)
  A kraken (Shoals:4)
  Ilsuiw (Shoals:4)
  2 deep elf sorcerers
  11 nagarajas
  A frost giant (D:13)
  Louise (Snake:4)
  A deep elf demonologist (Elf:2)
  4 dire elephants
  A red draconian (Volcano)
  A deep elf annihilator (Elf:3)
  4 merfolk javelineers
  An ettin (D:13)
  A minotaur (Lab)
  3 deep elf death magi
  11 merfolk impalers
  An ogre mage (D:13)
  6 hydras
  28 naga warriors
  A vault guard (D:13)
  A merfolk avatar (Shoals:1)
  A catoblepas (D:15)
  4 centaur warriors
  A death knight (D:15)
  13 anacondas
  3 merfolk aquamancers (Shoals:4)
  24 dancing weapons
  8 two-headed ogres
  A satyr (Shoals:4)
  3 orc high priests (Orc:2)
  A tengu warrior (D:13)
  9 shock serpents
  15 deep elf knights
  23 naga sharpshooters
  A skeletal warrior (D:15)
  3 salamander mystics
  13 naga ritualists
  3 unseen horrors
  A lindwurm (Lair:6)
  9 deep elf archers
  23 sea snakes
  A kraken simulacrum (Shoals:4)
  12 mana vipers
  7 harpies
  5 orc sorcerers
  A wolf spider (D:14)
  A moth of wrath (shapeshifter) (Elf:2)
  14 ugly things
  46 deep elf magi
  6 orc knights
  17 cyclopes
  21 manticores
  A salamander (shapeshifter) (Elf:3)
  12 merfolk sirens
  12 salamanders
  22 elephants
  40 black mambas
  8 water nymphs
  5 guardian serpents
  16 spiny frogs
  18 naga magi
  A torpor snail (Lair:5)
  2 efreet (D:15)
  2 rime drakes
  9 komodo dragons
  3 freezing wraiths (D:15)
  24 merfolk
  8 trolls
  3 meliai (D:15)
  A polar bear (Lair:4)
  18 blink frogs
  Grinder (D:3)
  6 wind drakes
  6 hippogriffs
  A meliai zombie (D:15)
  17 dream sheep
  A slime creature (Lair:4)
  10 snapping turtles
  A centaur simulacrum (D:15)
  2 shadows (D:14)
  2 wraiths
  2 redbacks (Lab)
  4 wyverns
  12 water elementals
  2 fire elementals (Elf:1)
  65 yaks
  6 basilisks
  7 hungry ghosts
  3 vampire mosquitoes (D:15)
  6 wargs
  An acid dragon (D:14)
  77 nagas
  24 water moccasins
  6 porcupines
  14 ice beasts
  26 orc warriors
  2 sky beasts
  5 phantoms
  10 ogres
  A black bear (D:8)
  A necrophage (D:8)
  An eye of draining (D:14)
  9 wolves
  14 centaurs
  11 crocodiles
  5 big kobolds
  Blork the orc (D:5)
  13 bullfrogs
  An earth elemental (Elf:2)
  A wyvern zombie (D:15)
  5 scorpions
  A water moccasin skeleton (D:9)
  4 killer bees (D:13)
  4 electric eels
  5 howler monkeys
  2 lava snakes (Snake:1)
  7 crimson imps
  3 bullfrog zombies
  2 centaur zombies
  13 jellies
  9 hounds
  6 centaur skeletons
  26 orc priests
  16 orc wizards
  A bullfrog skeleton (D:12)
  3 iguanas
  12 worker ants
  A hound zombie (D:7)
  2 hound skeletons
  A worker ant zombie (D:6)
  21 adders
  4 gnolls (D:4)
  A howler monkey skeleton (D:11)
  2 shadow imps (D:8)
  15 oozes
  An adder zombie (D:8)
  An adder skeleton (D:4)
  2 dart slugs (D:1)
  3 leopard geckos
  68 orcs
  7 bats
  6 giant cockroaches
  3 goblins
  8 hobgoblins
  11 jackals
  6 quokkas
  2 ball pythons
  7 frilled lizards
  24 kobolds
  2 quokka skeletons
  A quokka zombie (D:10)
  3 rats
  A fungus (Lair:4)
  5 plants
  5 tentacles (Shoals:4)
1290 creatures vanquished.

Vanquished Creatures (collateral kills)
  A deep elf master archer (Elf:3)
  Agnes (Snake:3)
  Aizul (Snake:3)
  A dire elephant (Lair:6)
  3 hydras
  An anaconda (Snake:3)
  Nergalle (Lair:2)
  A slime creature (D:12)
  A salamander mystic (Volcano)
  A lindwurm (Lair:3)
  2 merfolk sirens (Lair:3)
  An elephant (Lair:3)
  A black mamba (Lair:2)
  2 spiny frogs (Lair:3)
  A komodo dragon (Lair:3)
  Prince Ribbit (Lair:2)
  2 hippogriffs
  5 blink frogs
  4 yaks
  A basilisk (D:12)
  A vampire mosquito (D:15)
  A naga (Snake:3)
  7 water moccasins (Lair:2)
  A porcupine (Lair:5)
  4 crocodiles
  A bullfrog (Lair:2)
  A fungus (Lair:3)
48 creatures vanquished.

Vanquished Creatures (others)
  A merfolk aquamancer (Shoals:4)
  A naga sharpshooter (Snake:1)
  A deep elf archer (Elf:2)
  A deep elf mage (Elf:1)
  An orc sorcerer (Orc:1)
  2 cyclopes (D:13)
  A naga mage (Snake:4)
  2 nagas
  A human (D:5)
  An orc wizard (Orc:2)
  20 fungi
  13 plants
  8 tentacles (Shoals:4)
  A withered plant (D:15)
54 creatures vanquished.

Grand Total: 1392 creatures vanquished

Notes
Turn   | Place    | Note
-------+----------+-------------------------------------------
     0 | D:1      | kae the Gargoyle Fighter began the quest for the Orb.
     0 | D:1      | Reached XP level 1. HP: 14/14 MP: 1/1
   105 | D:1      | Reached skill level 2 in Polearms
   144 | D:1      | Reached XP level 2. HP: 19/19 MP: 2/2
   301 | D:1      | Found a shimmering altar of Xom.
   306 | D:1      | Reached XP level 3. HP: 21/23 MP: 3/3
   870 | D:2      | Reached skill level 3 in Polearms
   870 | D:2      | Reached XP level 4. HP: 29/29 MP: 4/4
  1423 | D:3      | Noticed Grinder
  1431 | D:3      | Paralysed by Grinder for 2 turns
  1437 | D:3      | Paralysed by Grinder for 6 turns
  1446 | D:3      | Paralysed by Grinder for 2 turns
  1482 | D:3      | Killed Grinder
  1482 | D:3      | Reached skill level 4 in Polearms
  1482 | D:3      | Reached XP level 5. HP: 26/34 MP: 1/5
  1482 | D:3      | Reached XP level 6. HP: 30/39 MP: 1/6
  1927 | D:3      | Found a bloodstained altar of Trog.
  1933 | D:3      | Found an iron altar of Okawaru.
  2348 | D:4      | Reached skill level 5 in Fighting
  2366 | D:4      | Reached skill level 5 in Armour
  2366 | D:4      | Reached XP level 7. HP: 33/44 MP: 5/7
  2436 | D:4      | Reached skill level 5 in Polearms
  2440 | D:4      | Found a white marble altar of Elyvilon.
  2648 | D:5      | Entered Level 5 of the Dungeon
  2648 | D:5      | Found a hazy altar of Hepliaklqana.
  2707 | D:5      | Found a staircase to the Ecumenical Temple.
  2772 | D:5      | Identified Cyhe's Beginning Course on Casting
  2847 | Temple   | Entered the Ecumenical Temple
  2899 | Temple   | Became a worshipper of Makhleb the Destroyer
  3049 | D:5      | Reached XP level 8. HP: 45/51 MP: 8/8
  3147 | D:5      | Reached skill level 6 in Polearms
  3152 | D:5      | Noticed Blork the orc
  3166 | D:5      | Killed Blork the orc
  3166 | D:5      | Reached skill level 1 in Invocations
  3237 | D:5      | Found an ancient bone altar of Kikubaaqudgha.
  3578 | D:6      | Found a radiant altar of Vehumet.
  3579 | D:6      | Found a basalt altar of Yredelemnul.
  3579 | D:6      | Found a glowing golden altar of the Shining One.
  3579 | D:6      | Found a hide-covered altar of Uskayaw.
  3587 | D:6      | Found a shadowy altar of Dithmenos.
  3593 | D:6      | Found a shimmering altar of Xom.
  3878 | D:6      | Reached * piety under Makhleb
  4232 | D:7      | Reached skill level 7 in Polearms
  4400 | D:7      | Found Zangun's Magic Scroll Boutique.
  4409 | D:7      | Reached XP level 9. HP: 54/56 MP: 11/11
  4413 | D:7      | Bought a scroll of enchant weapon for 75 gold pieces
  4413 | D:7      | Bought a scroll of brand weapon for 200 gold pieces
  5075 | D:8      | Noticed a two-headed ogre
  5092 | D:8      | Killed a two-headed ogre
  5092 | D:8      | Reached skill level 8 in Polearms
  5643 | D:8      | Reached skill level 5 in Invocations
  5723 | D:8      | Reached XP level 10. HP: 64/64 MP: 13/13
  5746 | D:8      | Reached ** piety under Makhleb
  5769 | D:8      | Reached skill level 9 in Polearms
  5817 | D:8      | Noticed a three-headed hydra
  5826 | D:8      | Killed a three-headed hydra
  6200 | D:9      | Got a steaming ivory ring
  6202 | D:9      | Identified the ring of the Median {rN++ Dex+3 Stlth+} (You found it on level 9 of the Dungeon)
  6221 | D:9      | Found a staircase to the Orcish Mines.
  6434 | D:9      | Reached skill level 10 in Polearms
  6458 | D:9      | Reached XP level 11. HP: 69/69 MP: 13/16
  6671 | D:9      | Found an iron altar of Okawaru.
  6677 | D:9      | Reached *** piety under Makhleb
  7072 | D:9      | Found a roughly hewn altar of Beogh.
  7274 | D:10     | Entered Level 10 of the Dungeon
  7668 | D:10     | Reached **** piety under Makhleb
  8506 | D:11     | Found a staircase to the Lair.
  8856 | D:11     | Reached skill level 11 in Polearms
  8914 | D:11     | Found a frozen archway.
  9004 | D:11     | Noticed a manticore
  9027 | D:11     | Killed a manticore
  9110 | D:11     | Killed an unseen horror
  9110 | D:11     | Reached skill level 10 in Fighting
  9257 | D:11     | Noticed a manticore
  9274 | D:11     | Killed a manticore
  9274 | D:11     | Reached ***** piety under Makhleb
  9274 | D:11     | Reached skill level 10 in Armour
  9274 | D:11     | Reached XP level 12. HP: 71/77 MP: 13/18
  9298 | D:11     | Noticed a four-headed hydra
  9306 | D:11     | Killed a four-headed hydra
  9688 | Lair:1   | Entered Level 1 of the Lair of Beasts
  9959 | Lair:1   | Noticed a five-headed hydra
  9971 | Lair:1   | Killed a five-headed hydra
 10037 | Lair:1   | Noticed a five-headed hydra
 10056 | Lair:1   | Killed a five-headed hydra
 10056 | Lair:1   | Reached skill level 1 in Dodging
 10398 | Lair:2   | Noticed an eight-headed hydra
 10665 | Lair:1   | Killed an eight-headed hydra
 10786 | Lair:2   | Reached skill level 12 in Polearms
 10961 | Lair:2   | Found a staircase to the Snake Pit.
 11208 | Lair:2   | Noticed Prince Ribbit
 11270 | Lair:2   | Killed Prince Ribbit
 11313 | Lair:2   | Noticed Nergalle
 11328 | Lair:2   | Killed Nergalle
 11708 | Lair:3   | Reached XP level 13. HP: 59/84 MP: 11/20
 12136 | Lair:3   | Found a dark tunnel.
 12185 | Volcano  | Entered a volcano
 12241 | Volcano  | Found a burning altar of Makhleb.
 12270 | Volcano  | Noticed a red draconian
 12309 | Volcano  | Killed a red draconian
 12985 | Lair:3   | Found a staircase to the Shoals.
 13105 | Lair:3   | Reached skill level 10 in Invocations
 13221 | Lair:3   | Reached skill level 13 in Polearms
 14609 | Lair:5   | Gained mutation: Your large and strong wings let you fly indefinitely. [Gargoyle growth]
 14609 | Lair:5   | Reached XP level 14. HP: 91/91 MP: 18/21
 14823 | Lair:5   | Found a staircase to the Slime Pits.
 14950 | Lair:5   | Reached skill level 5 in Dodging
 15202 | Lair:6   | Entered Level 6 of the Lair of Beasts
 15344 | Lair:6   | Reached skill level 14 in Polearms
 16298 | Lair:6   | Noticed a dire elephant
 16298 | Lair:6   | Noticed a dire elephant
 16313 | Lair:6   | Killed a dire elephant
 16314 | Lair:6   | Killed a dire elephant
 16395 | Lair:6   | Got a brightly glowing glaive
 16404 | Lair:6   | Identified the +7 glaive of Darkness {vamp, MR+ Str+4 Dex-4 SInv} (You found it on level 6 of the Lair of Beasts)
 16434 | Lair:6   | Noticed a dire elephant
 16444 | Lair:6   | Killed a dire elephant
 16464 | Lair:6   | Got a polished halberd
 16465 | Lair:6   | Identified the +6 halberd "Ustiru" {freeze, *Corrode Str+5 Int+4} (You found it on level 6 of the Lair of Beasts)
 16543 | Lair:6   | Noticed a dire elephant
 16553 | Lair:6   | Killed a dire elephant
 17299 | D:12     | Reached XP level 15. HP: 97/97 MP: 23/23
 17628 | Orc:1    | Entered Level 1 of the Orcish Mines
 17738 | Orc:2    | Entered Level 2 of the Orcish Mines
 17837 | Orc:2    | Found Tiubof's Gadget Emporium.
 18220 | Orc:1    | Found Zinkaf's Jewellery Emporium.
 18231 | Orc:1    | Bought a cursed -2 ring of evasion for 34 gold pieces
 18394 | Orc:2    | Found a staircase to the Elven Halls.
 19339 | Orc:2    | Found Ypaekhly's Weapon Shop.
 19343 | Orc:2    | Found Suuwett's Food Shoppe.
 19353 | Orc:2    | Found Ficvyvezorgh's Assorted Antiques.
 19361 | Orc:2    | Found Doushrir's Distillery.
 19367 | Orc:2    | Bought a runed hat for 217 gold pieces
 20027 | D:13     | Reached ****** piety under Makhleb
 20216 | D:13     | Noticed a frost giant
 20224 | D:13     | Reached skill level 15 in Polearms
 20231 | D:13     | Killed a frost giant
 20860 | D:13     | Found a gate to the Vaults.
 21395 | D:14     | Found a labyrinth entrance.
 21436 | Lab      | Entered a labyrinth
 21513 | Lab      | Reached XP level 16. HP: 104/104 MP: 25/25
 21755 | Lab      | Got a vibrating ivory ring
 21755 | Lab      | Got a warped lead ring
 21756 | Lab      | Got an encrusted spear
 21756 | Lab      | Got a brightly glowing helmet
 21759 | Lab      | Identified the ring "Ysorykk" {rElec MR+} (You found it in a labyrinth)
 21761 | Lab      | Identified the ring of Jewyth {rC+ rN+ SInv} (You found it in a labyrinth)
 21779 | Lab      | Identified the +2 helmet "Dewauh" {+Blink rC+} (You found it in a labyrinth)
 22191 | D:15     | Entered Level 15 of the Dungeon
 22241 | D:15     | Found a staircase to the Depths.
 23878 | Snake:1  | Entered Level 1 of the Snake Pit
 23924 | Lair:2   | Reached skill level 16 in Polearms
 24551 | Snake:1  | Identified a scroll of acquirement
 24552 | Snake:1  | Got a warped shield
 24554 | Snake:1  | Identified the +9 spear "Zoduki Biroa" {pierce, rPois MR+ Str+5 Stlth+} (You found it in a labyrinth)
 24555 | Snake:1  | Identified the +1 shield of a Billion Scars {rF++ rC- Int+5} (You acquired it on level 1 of the Snake Pit)
 24810 | Snake:2  | Reached XP level 17. HP: 111/111 MP: 21/27
 25014 | Snake:2  | Found a blossoming altar of Fedhas.
 26306 | Snake:3  | Noticed Agnes
 26317 | Snake:3  | Killed Agnes
 27087 | Snake:3  | Reached skill level 17 in Polearms
 27357 | Snake:3  | Noticed Aizul
 27367 | Snake:3  | Killed Aizul
 27775 | Snake:4  | Entered Level 4 of the Snake Pit
 27785 | Snake:4  | Noticed Louise
 27796 | Snake:4  | Killed Louise
 28032 | Snake:4  | Reached XP level 18. HP: 117/117 MP: 23/28
 28286 | Snake:4  | Found an opulent altar of Gozag.
 28311 | Snake:4  | Noticed Jorgrun
 28341 | Snake:4  | Killed Jorgrun
 28604 | Snake:4  | Noticed Bai Suzhen
 28629 | Snake:4  | Killed Bai Suzhen
 28629 | Snake:4  | Reached skill level 15 in Fighting
 28700 | Snake:4  | Reached skill level 15 in Armour
 29129 | Snake:4  | Reached skill level 10 in Dodging
 29159 | Snake:4  | Got a brightly glowing bronze amulet
 29232 | Snake:4  | Reached skill level 18 in Polearms
 29286 | Snake:4  | Reached skill level 15 in Invocations
 29504 | Snake:4  | Reached XP level 19. HP: 124/124 MP: 30/30
 29620 | Snake:4  | Got a serpentine rune of Zot
 29843 | Shoals:1 | Entered Level 1 of the Shoals
 29994 | Shoals:1 | Found a runed door.
 30801 | Shoals:2 | Found a flickering gateway to a bazaar.
 30830 | Bazaar   | Entered a bazaar
 30830 | Bazaar   | Found Caihea Jukh's Magic Scroll Emporium.
 30830 | Bazaar   | Found Puxzeul's Gadget Shoppe.
 30830 | Bazaar   | Found Woofo's General Store.
 30830 | Bazaar   | Found Resya's Magic Scroll Shoppe.
 31471 | Shoals:3 | Identified the amulet "Hytwie" {RegenMP Fragile Int+9} (You took it off a naga mage on level 4 of the Snake Pit)
 31473 | Shoals:3 | Found Uchenyce's Gadget Boutique.
 31524 | Shoals:3 | Found Eseittik's Antique Weapon Emporium.
 31792 | Shoals:3 | Found Pir Jul's Gadget Shop.
 31801 | Shoals:3 | Found Ifimne's Book Shop.
 32380 | Shoals:4 | Entered Level 4 of the Shoals
 32528 | Shoals:4 | Got a barnacled rune of Zot
 32664 | Shoals:4 | Noticed Ilsuiw
 32695 | Shoals:4 | Killed Ilsuiw
 33401 | Shoals:4 | Got a transparent ivory ring
 33490 | Shoals:4 | Reached XP level 20. HP: 131/131 MP: 31/31
 33615 | Lair:3   | Identified the ring "Put-Me-On" {rPois rF+ Str+4} (You found it on level 4 of the Shoals)
 33827 | Elf:1    | Entered Level 1 of the Elven Halls
 33922 | Elf:1    | Got a twitching turquoise ring
 33923 | Elf:1    | Identified the ring of Ovvyrem {rC+ Str+5 Slay+2} (You acquired it on level 1 of the Elven Halls)
 34071 | Elf:1    | Found a radiant altar of Vehumet.
 34560 | Elf:1    | Reached skill level 19 in Polearms
 34584 | Elf:1    | Identified the Volume of the Eight Boll Weevils
 34739 | Elf:2    | Found Ixecero's Book Shop.
 34910 | Elf:2    | Found a runed gate.
 34911 | Elf:2    | Found a runed gate.
 34913 | Elf:2    | Found a runed gate.
 34973 | Elf:2    | Found Budeoxt's Antique Armour Shop.
 35107 | Elf:2    | Found Pulorch's Jewellery Emporium.
 35152 | Elf:2    | Found Bien Guo's Antique Weapon Shop.
 35162 | Elf:2    | Found Wesin's Assorted Antiques.
 35486 | Elf:2    | Noticed Asterion
 35499 | Elf:2    | Killed Asterion
 35751 | Elf:3    | Entered Level 3 of the Elven Halls
 35965 | Elf:3    | Killed from afar by a deep elf annihilator

Skill      XL: |  1  2  3  4  5  6  7  8  9 10 11 12 13 14 15 16 17 18 19 20 |
---------------+-------------------------------------------------------------+-----
Polearms       | 2 3 4 5 7 8 10 11 12 13 14 15 16 17 18 19 | 19.4
Fighting       | 4 5 6 7 8 10 11 12 13 14 15 16 | 16.8
Armour         | 4 5 6 7 8 10 11 12 13 14 15 16 | 16.8
Invocations    | 2 5 6 8 9 10 11 12 13 14 15 16 | 16.3
Dodging        | 2 4 6 7 8 9 10 11 | 11.4
Shields        | |  3.2

Action                   |  1- 3 |  4- 6 |  7- 9 | 10-12 | 13-15 | 16-18 | 19-21 || total
-------------------------+-------+-------+-------+-------+-------+-------+-------++-------
Melee: Trident           |   124 |   147 |   526 |  1293 |    97 |       |       ||  2187
       Halberd           |       |       |       |       |   705 |       |       ||   705
       Glaive            |       |       |       |       |   602 |  1649 |  1266 ||  3517
Invok: Minor Destruction |       |       |       |    18 |     6 |     8 |       ||    32
       Lesser Servant of |       |       |       |    16 |    21 |    20 |       ||    57
       Major Destruction |       |       |       |       |       |     2 |       ||     2
       Greater Servant o |       |       |       |       |       |     2 |     2 ||     4
 Abil: Fly               |       |       |       |       |     2 |       |       ||     2
       Stop Flying       |       |       |       |       |     1 |       |       ||     1
  Use: Scroll            |     4 |     7 |     5 |    13 |     9 |    12 |     6 ||    56
       Potion            |       |     1 |     2 |     6 |     1 |     1 |     4 ||    15
 Stab: Sleeping          |       |       |       |     7 |     2 |       |       ||     9
       Distracted        |       |       |       |     4 |     6 |       |       ||    10
       Petrified         |       |       |       |       |       |     3 |       ||     3
  Eat: Chunk             |       |     5 |    12 |    15 |    27 |    20 |    11 ||    90
       Bread ration      |       |       |     1 |       |     1 |     1 |     1 ||     4
       Fruit             |       |       |       |     1 |     1 |     1 |       ||     3
       Meat ration       |       |       |       |     1 |     1 |     2 |     1 ||     5
Armor: Scale mail        |    40 |    59 |   179 |       |       |       |       ||   278
       Quicksilver drago |       |       |    86 |   554 |   766 |   969 |       ||  2375
       Skin              |       |       |       |    12 |       |       |       ||    12
       Plate armour      |       |       |       |       |       |   655 |   832 ||  1487
Dodge: Dodged            |    25 |    49 |   146 |   264 |   775 |  1302 |   557 ||  3118
Block: Shield            |    51 |    65 |   209 |   499 |    27 |       |       ||   851
       Other             |       |       |       |       |    81 |   367 |   174 ||   622
       Reflection        |       |       |       |       |    14 |    30 |    17 ||    61
